 Dungeon Crawl Stone Soup version 0.20-a0-350-ga83eecc (webtiles) character file.

28 AppleBrandy the Skirmisher (level 3, 0/34 HPs)
             Began as a Gargoyle Berserker on Dec 25, 2016.
             Was a Follower of Trog.
             Slain by a gnoll
             ... wielding a +0 halberd
              (4 damage)
             ... on level 2 of the Dungeon.
             The game lasted 00:07:05 (860 turns).

AppleBrandy the Skirmisher (Gargoyle Berserker)      Turns: 860, Time: 00:07:06

Health: 0/34       AC:  5    Str: 26    XL:     3   Next: 12%
Magic:  3/3        EV: 12    Int:  7    God:    Trog [*.....]
Gold:   106        SH:  0    Dex:  9    Spells: 2/2 levels left

rFire  . . .     SeeInvis .     p - +1 short sword (elec)
rCold  . . .     Gourm    .     k - +0 robe
rNeg   + . .     Faith    .     (no shield)
rPois  ∞         Spirit   .     (no helmet)
rElec  +         Reflect  .     (no cloak)
rCorr  .         Harm     .     (no gloves)
MR     +....                    (no boots)
Stlth  ..........               (no amulet)
                                (no ring)
                                q - ring of protection from magic

@: berserking, very quick
A: negative energy resistance 1, electricity resistance, unbreathing,
petrification resistance, rot immunity, AC +3
a: Berserk, Burn Spellbooks, Renounce Religion


You were on level 2 of the Dungeon.
You worshipped Trog.
Trog was aware of your devotion.
You were hungry.

You visited 1 branch of the dungeon, and saw 2 of its levels.

You collected 106 gold pieces.

Inventory:

Hand Weapons
 a - a +0 hand axe
 m - a +1 dagger of electrocution
 p - a +1 short sword of electrocution (weapon)
Missiles
 b - 3 tomahawks (quivered)
 d - 19 bolts
 j - 35 arrows
Armour
 i - a +0 animal skin
 k - a +0 robe (worn)
Jewellery
 q - a ring of protection from magic (left hand)
Scrolls
 e - a scroll of teleportation {unknown}
 h - a scroll of identify {unknown}
 l - a scroll of enchant weapon {unknown}
 r - a scroll of remove curse {unknown}
 s - a scroll of amnesia {unknown}
Potions
 f - 2 potions of mutation {unknown}
 n - a potion of ambrosia {unknown}
Comestibles
 c - a bread ration
 g - 2 beef jerkies
 o - a royal jelly


   Skills:
 - Level 3.5 Fighting
 + Level 3.5 Axes
 - Level 2.1 Armour
 - Level 1.6 Dodging
 + Level 0.2 Stealth


You had 2 spell levels left.
You didn't know any spells.

Dungeon Overview and Level Annotations

Branches:
Dungeon (2/15)

Altars:


Innate Abilities, Weirdness & Mutations

You are resistant to torment.
Your stone body is resilient. (AC +3)
You are immune to poison.
You resist negative energy. (rN+)
You are resistant to electric shocks. (rElec)
You can survive without breathing.
You are immune to petrification.
You are immune to rotting.


Message History

The gnoll shouts! x3
You closely miss the gnoll. The gnoll hits you with a whip.
You barely miss the gnoll. The gnoll hits you but does no damage.
The gnoll completely misses you.
You closely miss the gnoll. The gnoll hits you with a whip.
The gnoll hits you from afar with a halberd!
* * * LOW HITPOINT WARNING * * *
A red film seems to cover your vision as you go berserk!
You feel yourself moving faster!
You feel mighty!
You are feeling hungry.
The gnoll hits you but does no damage. The gnoll barely misses you.
You closely miss the gnoll. The gnoll hits you with a whip.
* * * LOW HITPOINT WARNING * * *
You puncture the gnoll!
The gnoll is heavily wounded.
The gnoll misses you. The gnoll barely misses you.
You closely miss the gnoll.
The gnoll is heavily wounded.
The gnoll hits you from afar with a halberd.
You die...

#####....#...##.# #.
###...##.# #..#
#...##.# #..#
#...##.# #..#
#...##.# ..#
#......# ..#
#..#...# #.#
#..#.#.# . # #.#
#@.#.#.#
....#.###.###g.#.#.#
#......g.g..g..).#.#
.......###.##.†###.#
.....g. #.#........#
....... #.#...######
.....g. #.#...#
....... #.#...#
....... #.#...#


You could see 2 gnolls.

Vanquished Creatures
  An ooze (D:1)
  A leopard gecko (D:1)
  3 bats (D:1)
  A giant cockroach (D:2)
  2 goblins (D:1)
  7 jackals (D:1)
  2 frilled lizards (D:1)
  2 kobolds (D:1)
  A rat (D:1)
20 creatures vanquished.

Notes
Turn   | Place    | Note
-------+----------+-------------------------------------------
     0 | D:1      | AppleBrandy the Gargoyle Berserker began the quest for the Orb.
     0 | D:1      | Reached XP level 1. HP: 14/14 MP: 1/1
    86 | D:1      | Reached XP level 2. HP: 15/19 MP: 2/2
   501 | D:1      | Reached XP level 3. HP: 23/23 MP: 3/3
   860 | D:2      | Slain by a gnoll

Vault maps used:
D:1:      minmay_arrival_jagged, minmay_misc_feat_rows
D:2:      lexackson_kobold_supper

Skill      XL: |  1  2 |
---------------+-------+-----
Axes           | 3 |  3.5
Fighting       | |  3.5
Armour         | |  2.1
Dodging        | |  1.6
Stealth        | |  0.2

Action                   || total
-------------------------++-------
Melee: Hand axe          ||    43
       Dagger            ||     1
       Short sword       ||    13
Invok: Berserk           ||     1
Armor: Animal skin       ||    14
       Robe              ||     5
Dodge: Dodged            ||    39
